 Dungeon Sprint DCSS version 0.30.0-29-ga12c61a403 (webtiles) character file.

Game seed: 4204785912679999111

6225 Revguard the Basher (level 10, -3/106 (107) HPs)
             Began as a Troll Gladiator on June 19, 2023.
             Was the Champion of Qazlal.
             Killed by divine providence
             ... invoked by a balrug
              (13 damage)
             ... in the Dungeon (Sprint V: "Ziggurat Sprint").
             The game lasted 00:08:00 (417 turns).

Revguard the Basher (Troll Gladiator)                Turns: 417, Time: 00:08:02

HP:   -3/106 (107)  AC: 37    Str: 26    XL:     10   Next: 61%
MP:   8/16          EV:  6    Int: 10    God:    Qazlal [******]
Gold: 0             SH:  8    Dex: 15    Spells: 9/9 levels left

rFire   + + .        F - +7 great mace "Firestarter" {flame, immolate, rFlCloud rF++}
rCold   + . .        (shield currently unavailable)
rNeg    . . .        m - +9 gold dragon scales
rPois   +            c - +0 hat
rElec   .            H - +0 cloak {rPois}
rCorr   +            (gloves unavailable)
SInv    .            (boots unavailable)
Will    .....        (no amulet) Stlth
                     a - ring "Imymmid" {rCorr Str+2 Int+6}
HPRegen 1.17/turn    b - ring of the Tortoise {AC+8}
MPRegen 0.15/turn

%: no teleportation, repel missiles
@: weakened, fire vulnerable, protected from fire, lightly drained
A: large, unfitting armour, claws 3, regeneration 1, shaggy fur 1, tough skin 1
a: Renounce Religion, Upheaval, Elemental Force, Disaster Area


You were in the Dungeon.
You worshipped Qazlal.
Qazlal was exalted by your worship.
You visited 1 branch

Inventory:

Hand Weapons
 F - the +7 great mace "Firestarter" (weapon) {flame, immolate, rFlCloud rF++}
   (You found it in the Dungeon)

   rFlCloud:  It grants immunity to clouds of flame.
   rF:        It greatly protects you from fire.
 M - the +2 Maxwell's thermic engine {flame, freeze, rev}
   (You found it in the Dungeon)
Missiles
 d - 3 throwing nets (quivered)
Armour
 c - a +0 hat (worn)
 l - +5 storm dragon scales
 m - +9 gold dragon scales (worn)
 H - a +0 cloak of poison resistance (worn)
Jewellery
 a - the ring "Imymmid" (left claw) {rCorr Str+2 Int+6}
   (You found it in the Dungeon)

   [ring of resist corrosion]

   Str:       It affects your strength (+2).
   Int:       It affects your intelligence (+6).
   rCorr:     It protects you from acid and corrosion.
 b - the ring of the Tortoise (right claw) {AC+8}
   (You found it in the Dungeon)

   [ring of protection]

   AC:        It affects your AC (+8).
 y - a ring of flight
 z - a +6 ring of dexterity
 A - a +6 ring of dexterity
 B - a +6 ring of intelligence
 C - a +6 ring of intelligence
 D - a +6 ring of strength
 E - a +6 ring of strength
 I - a ring of protection from fire
 J - a ring of protection from fire
 L - the ring "Luir" {rElec rC+ rCorr}
   (You found it in the Dungeon)

   [ring of resist corrosion]

   rC:        It protects you from cold.
   rElec:     It insulates you from electricity.
   rCorr:     It protects you from acid and corrosion.
Wands
 q - a wand of roots (11)
 w - a wand of mindburst (34)
 x - a wand of quicksilver (13)
 G - a wand of flame (8)
Scrolls
 k - 4 scrolls of blinking
 s - 4 scrolls of amnesia
 t - 7 scrolls of fog
 u - 5 scrolls of identify
 v - 2 scrolls of fear
 K - a scroll of brand weapon
Potions
 f - 10 potions of curing
 g - 3 potions of heal wounds
 h - 10 potions of haste
 i - 7 potions of magic
 j - 3 potions of berserk rage
 n - 2 potions of brilliance
 o - 2 potions of invisibility
 p - 4 potions of resistance
 r - 5 potions of might
Miscellaneous
 e - a box of beasts


   Skills:
 + Level 9.1 Fighting
 + Level 10.4 Maces & Flails
 - Level 1.7 Throwing
 + Level 9.1 Armour
 + Level 9.3 Dodging
 + Level 9.7 Invocations
 + Level 8.1 Evocations


You had 9 spell levels left.
You didn't know any spells.
Your spell library contained the following spells:

 Spells                   Type           Power      Damage    Failure   Level
 Apportation              Tloc           0%         N/A       100%        1
 Foxfire                  Conj/Fire      0%         2x1d4     100%        1
 Blink                    Tloc           0%         N/A       100%        2
 Lesser Beckoning         Tloc           0%         N/A       100%        2
 Momentum Strike          Conj/Tloc      0%         3d8       100%        2
 Static Discharge         Conj/Air       0%         2-2/arc   100%        2
 Volatile Blastmotes      Fire/Tloc      0%         2d10      100%        3
 Airstrike                Air            0%         2d(0-16)  100%        4
 Iskenderun's Mystic Bla  Conj/Tloc      0%         2d3       100%        4
 Summon Lightning Spire   Summ/Air       0%         N/A       100%        4
 Fireball                 Conj/Fire      0%         3d3       100%        5
 Summon Mana Viper        Hex/Summ       0%         N/A       100%        5
 Plasma Beam              Fire/Air       0%         2x1d11    100%        6
 Simulacrum               Ice/Necr       0%         N/A       100%        6
 Starburst                Conj/Fire      0%         6d3       100%        6
 Haunt                    Necr/Summ      0%         N/A       100%        7
 Monstrous Menagerie      Summ           0%         N/A       100%        7
 Ozocubu's Refrigeration  Ice            0%         4d7       100%        7
 Borgnjor's Revivificati  Necr           0%         N/A       100%        8
 Necromutation            Tmut/Necr      0%         N/A       100%        8
 Chain Lightning          Conj/Air       0%         N/A       100%        9
 Death's Door             Necr           0%         N/A       100%        9
 Fire Storm               Conj/Fire      0%         5d1       100%        9
 Polar Vortex             Ice            0%         N/A       100%        9
 Shatter                  Erth           0%         3d5*      100%        9


Dungeon Overview and Level Annotations

Branches:
Dungeon (1/1)

Altars:
Ashenzari
Cheibriados
Dithmenos
Elyvilon
Fedhas
Gozag
Hepliaklqana
Kikubaaqudgha
Makhleb
Nemelex Xobeh
Okawaru
Qazlal
Ru
Sif Muna
Trog
Uskayaw
Vehumet
Wu Jian
Xom
Yredelemnul
Zin
The Shining One
Jiyva
Lugonu

Annotations:
D 1 transporter


Innate Abilities, Weirdness & Mutations

You are too large for most types of armour.
You have claws for hands.
Your natural rate of healing is unusually fast.
You are covered in fur. (AC +1)
You have tough skin. (AC +1)


Message History

The searing wretch claws you but does no damage.
The searing wretch claws you!
* * * LOW HITPOINT WARNING * * *
Your fire resistance is stripped away!
You block the searing wretch's attack.
The hell hog bites you but does no damage.
The hell hog breathes fire at you.
The fireball explodes!
The fireball engulfs the balrug.
The balrug completely resists.
The fireball engulfs the hell hog.
The hell hog completely resists.
The fireball engulfs the searing wretch.
The searing wretch completely resists.
The fireball engulfs the salamander tyrant.
The salamander tyrant completely resists.
The fireball engulfs the hell hog.
The hell hog completely resists.
The fireball engulfs you! You resist.
Your resistance to physical damage fades away.
You feel protected from fire.
* * * LOW HITPOINT WARNING * * *
The balrug hits you but does no damage.
You feel drained.
The salamander tyrant barely misses you.
Okay, then.
You feel much better. The hell hog breathes fire at you.
The fireball explodes!
The fireball engulfs you! You resist.
You feel more protected from fire.
* * * LOW HITPOINT WARNING * * *
The fireball engulfs the searing wretch.
The searing wretch completely resists.
The fireball engulfs the hell hog.
The hell hog completely resists.
The fireball engulfs the balrug.
The balrug completely resists.
The fireball engulfs the salamander tyrant.
The salamander tyrant completely resists.
The searing wretch claws you but does no damage.
The searing wretch claws you!
* * * LOW HITPOINT WARNING * * *
The searing wretch bites you.
* * * LOW HITPOINT WARNING * * *
The balrug gestures at you. Something smites you!
You die...

▓▓▓▓▓▓▓▓▓▓▓▓▓▓▓▓▓▓▓
▓...8©8...▓...8©8...▓
▓..)○○○○○v▓..))..|..▓
▓..=°[)○○.▓...))....▓
▓...○☼○○○.▓.........▓
▓...○○○°v.▓...)†)...▓
▓..○.h○☼..▓...)†)...▓
▓...n2N○..▓...†.....▓
▓...h@)..≈▓.▓.....▓.▓
▓.▓○.○☼.▓.▓....©....▓
▓....°..≈≈▓▓▓▓▓▓▓▓▓▓▓
▓▓▓▓▓▓▓▓▓▓▓


You could see a searing wretch (frozen), a balrug, a salamander tyrant, 2 hell
hogs and 2 fire vortices.

Vanquished Creatures
  A fire giant (D)
  A dancing weapon (D)
  A deep elf zephyrmancer (D)
  A deep elf archer (D)
  A deep elf pyromancer (D)
  2 naga magi (D)
  A hellion (D)
  A tormentor (D)
  2 slime creatures (D)
  A spriggan (D)
  5 nagas (D)
  4 water moccasins (D)
  3 black bears (D)
  A floating eye (D)
  3 wolves (D)
  2 phantoms (D)
  A necrophage (D)
  A bullfrog (D)
  2 earth elementals (D)
  A wight (D)
  2 crimson imps (D)
  A jelly (D)
  An iron imp (D)
  5 adders (D)
  A river rat (D)
  A bat skeleton (D)
  An endoplasm (D)
  A jackal (D)
  3 ball pythons (D)
  A ball python skeleton (D)
  A giant cockroach zombie (D)
  A jackal skeleton (D)
  A jackal zombie (D)
  A quokka skeleton (D)
  A quokka zombie (D)
  A creeping inferno (D)
58 creatures vanquished.

Vanquished Creatures (others)
  A fire giant (D)
1 creature vanquished.

Grand Total: 59 creatures vanquished

Notes
Turn   | Place    | Note
-------+----------+-------------------------------------------
     0 | D        | Revguard the Troll Gladiator began the quest for the Orb.
     0 | D        | Reached XP level 1. HP: 19/19 MP: 0/0
    24 | D        | Found a blossoming altar of Fedhas.
    24 | D        | Found the +6 Majin-Bo {spellvamp, MP+6 Int+6}
    24 | D        | Found the +27 heavy crossbow "Sniper" {heavy, Acc+∞ SInv}
    24 | D        | Found the +10 dark maul {heavy}
    24 | D        | Found the +15 Maxwell's patent armour {-Cast -Tele rElec
                  | Will+ rCorr}
    24 | D        | Found the +18 shield of the Gong {Loud rN+ Will+ rCorr
                  | EV-5}
    24 | D        | Found the +16 obsidian axe {drain, demonic, Mesm Drain Fly
                  | SInv}
    24 | D        | Found the +7 great mace "Firestarter" {flame, immolate,
                  | rFlCloud rF++}
    24 | D        | Found the +6 shillelagh "Devastator" {shatter}
    24 | D        | Found the +11 plutonium sword {Contam Stlth-}
    24 | D        | Found the +8 lance "Wyrmbane" {slay drac, rPois rF+ rC+
                  | AC+3}
    24 | D        | Found the +9 sword of Zonguldrok {reap}
    24 | D        | Found the +13 scythe of Curses {drain, curses, Drain}
    24 | D        | Found the +9 sword of Power {lifebolt}
    24 | D        | Found the +7 mace of Variability {chaos, chaos arc}
    24 | D        | Found the +11 Singing Sword {sonic wave}
    24 | D        | Found the +8 storm bow {elec, penet}
    25 | D        | Found a shimmering blue altar of Sif Muna.
    25 | D        | Found a sacrificial altar of Ru.
    25 | D        | Found a bloodstained altar of Trog.
    25 | D        | Found a stormy altar of Qazlal.
    25 | D        | Found an iron altar of Okawaru.
    25 | D        | Found a sparkling altar of Nemelex Xobeh.
    27 | D        | Found a transporter.
    27 | D        | Found an ancient bone altar of Kikubaaqudgha.
    27 | D        | Found a viscous altar of Jiyva.
    27 | D        | Found a corrupted altar of Lugonu.
    27 | D        | Found a hazy altar of Hepliaklqana.
    27 | D        | Found a burning altar of Makhleb.
    27 | D        | Found an opulent altar of Gozag.
    80 | D        | Became a worshipper of Qazlal Stormbringer
    98 | D        | Reached skill level 4 in Maces & Flails
    98 | D        | Reached skill level 1 in Evocations
    98 | D        | Reached XP level 2. HP: 29/29 MP: 0/2
   103 | D        | Entered arena 2.
   103 | D        | Found a transporter.
   120 | D        | Entered arena 3.
   120 | D        | Noticed a crimson imp
   120 | D        | Noticed a crimson imp
   120 | D        | Found a transporter.
   125 | D        | Reached * piety under Qazlal
   126 | D        | Reached XP level 3. HP: 34/37 MP: 3/3
   127 | D        | Reached XP level 4. HP: 44/45 MP: 3/5
   130 | D        | Reached skill level 5 in Maces & Flails
   131 | D        | Got the ring "Imymmid" {rCorr Str+2 Int+6}
   138 | D        | Entered arena 4.
   138 | D        | Found the ring of the Tortoise {AC+8}
   138 | D        | Noticed a necrophage
   138 | D        | Found a transporter.
   143 | D        | Reached ** piety under Qazlal
   150 | D        | Killed a necrophage
   151 | D        | Reached XP level 5. HP: 48/54 MP: 5/7
   151 | D        | Reached *** piety under Qazlal
   164 | D        | Entered arena 5.
   164 | D        | Noticed a wolf
   164 | D        | Found a transporter.
   168 | D        | Killed a wolf
   168 | D        | Reached **** piety under Qazlal
   169 | D        | Reached skill level 6 in Maces & Flails
   169 | D        | Reached skill level 5 in Armour
   169 | D        | Reached skill level 5 in Dodging
   169 | D        | Reached skill level 5 in Invocations
   169 | D        | Reached XP level 6. HP: 65/65 MP: 6/8
   178 | D        | Entered arena 6.
   178 | D        | Noticed a floating eye
   178 | D        | Noticed a slime creature
   178 | D        | Noticed a slime creature
   178 | D        | Found a transporter.
   180 | D        | Paralysed by a floating eye for 4 turns
   184 | D        | Killed a slime creature
   184 | D        | Killed a floating eye
   185 | D        | Reached skill level 5 in Fighting
   185 | D        | Reached skill level 7 in Maces & Flails
   185 | D        | Reached XP level 7. HP: 41/72 MP: 8/10
   185 | D        | Killed a slime creature
   185 | D        | Reached ***** piety under Qazlal
   186 | D        | Reached skill level 5 in Evocations
   214 | D        | Entered arena 7.
   214 | D        | Noticed a spriggan
   215 | D        | Found a transporter.
   221 | D        | Killed a spriggan
   222 | D        | Reached skill level 8 in Maces & Flails
   222 | D        | Reached XP level 8. HP: 59/84 MP: 10/12
   233 | D        | Got the Atlas of Points and Rallying
   240 | D        | Entered arena 8.
   240 | D        | Noticed a deep elf pyromancer
   240 | D        | Noticed a deep elf zephyrmancer
   240 | D        | Noticed a +4 war axe of flaming
   240 | D        | Noticed a deep elf archer
   241 | D        | Found a transporter.
   243 | D        | Killed a deep elf zephyrmancer
   244 | D        | Killed a +4 war axe of flaming
   245 | D        | Reached XP level 9. HP: 59/93 MP: 4/14
   246 | D        | Killed a deep elf pyromancer
   247 | D        | Reached skill level 9 in Maces & Flails
   250 | D        | Killed a deep elf archer
   257 | D        | Reached ****** piety under Qazlal
   310 | D        | Entered arena 9.
   311 | D        | Found a transporter.
   336 | D        | Entered arena 10.
   336 | D        | Noticed a naga mage
   337 | D        | Found a transporter.
   343 | D        | Killed a naga mage
   344 | D        | Reached XP level 10. HP: 68/105 MP: 15/15
   382 | D        | Entered arena 11.
   382 | D        | Found the +2 Maxwell's thermic engine {flame, freeze, rev}
   382 | D        | Noticed a naga mage
   383 | D        | Found a transporter.
   390 | D        | Killed a naga mage
   391 | D        | Reached skill level 10 in Maces & Flails
   402 | D        | Got the ring "Luir" {rElec rC+ rCorr}
   404 | D        | Got the Compendium of Vapourous Generation
   408 | D        | Entered arena 12.
   408 | D        | Noticed a searing wretch
   408 | D        | Noticed a hell hog
   408 | D        | Noticed a salamander tyrant
   408 | D        | Noticed a balrug
   408 | D        | Noticed a fire giant
   409 | D        | Noticed a hell hog
   409 | D        | Noticed a fire giant
   410 | D        | Found a transporter.
   415 | D        | Killed a fire giant
   415 | D        | Killed a fire giant
   416 | D        | HP: 5/107 [hell hog/fireball (9)]
   417 | D        | Killed from afar by a balrug

Illustrated notes

Levels and vault maps discovered:
D:        sprint_v [room_start, room_1, room_2, room_3, room_4, room_5, room_6,
          room_7, room_8, room_9, room_10, room_11, room_12, room_13, room_14,
          room_15, room_16, room_17, room_18, room_19, room_20, room_21,
          room_22, room_23, room_24, room_25, room_26, room_27]

Skill      XL: |  1  2  3  4  5  6  7  8  9 10 |
---------------+-------------------------------+-----
Fighting       | 2 3 4 5 6 7 8 9 |  9.1
Maces & Flails | 4 5 6 7 8 9 10 | 10.4
Armour         | 2 3 4 5 6 7 8 9 |  9.1
Dodging        | 3 4 5 6 7 8 9 |  9.3
Invocations    | 2 3 4 5 6 8 9 |  9.7
Evocations     | 1 2 3 4 5 6 7 8 |  8.1
Throwing       | |  1.7

Action                     |  1- 3 |  4- 6 |  7- 9 | 10-12 || total
---------------------------+-------+-------+-------+-------++-------
  Melee: Great mace        |     6 |    16 |    29 |    14 ||    65
 Invoke: Disaster Area     |       |       |     1 |     1 ||     2
    Use: Potion            |     1 |     2 |       |     5 ||     8
         Scroll            |     4 |       |       |       ||     4
 Armour: Gold dragon scale |    15 |    41 |    38 |    30 ||   124
  Dodge: Dodged            |     1 |     7 |    16 |     8 ||    32
         Repelled          |       |       |       |     1 ||     1
  Block: Other             |       |     3 |    23 |    14 ||    40
